 Dungeon Crawl Stone Soup version 0.25.1-2-g60ff931df9 (webtiles) character file.

Game seed: 1656665182989128185

4776 gruber the Covert (level 10, -2/56 HPs)
             Began as an Octopode Venom Mage on Dec 1, 2020.
             Was a Believer of Vehumet.
             Slain by a vampire mosquito (3 damage)
             ... on level 12 of the Dungeon.
             The game lasted 00:12:39 (9587 turns).

gruber the Covert (Octopode Venom Mage)             Turns: 9587, Time: 00:12:40

Health: -2/56      AC:  1    Str:  7    XL:     10   Next: 47%
Magic:  7/18       EV: 13    Int: 22    God:    Vehumet [**....]
Gold:   325        SH:  0    Dex: 12    Spells: 9/20 levels left

rFire    . . .     SeeInvis +   K - +2 war axe (flame)
rCold    . . .     Gourm    .   (no shield)
rNeg     . . .     Faith    .   (helmet restricted)
rPois    .         Spirit   .   l - amulet of regeneration
rElec    .         Reflect  .   s - ring of resist corrosion
rCorr    +         Harm     .   H - ring of see invisible
MR       .....                  (no ring)
Stlth    +++++.....             (no ring)
HPRegen  0.58/turn              (no ring)
MPRegen  0.16/turn              (no ring)
                                (no ring)
                                (no ring)

@: very slightly contaminated
A: almost no armour, stealthy swim, amphibious, 8 rings, constrict 8, camouflage
1, gelatinous body 1
a: Renounce Religion


You were on level 12 of the Dungeon.
You worshipped Vehumet.
Vehumet was pleased with you.
You were not hungry.

You visited 2 branches of the dungeon, and saw 11 of its levels.

You collected 325 gold pieces.

Inventory:

Hand Weapons
 z - a +1 long sword of electrocution
 K - a +2 war axe of flaming (weapon)
Armour
 h - a +0 buckler
Jewellery
 l - an amulet of regeneration (around mantle)
 s - a ring of resist corrosion (left tentacle)
 H - a ring of see invisible (right tentacle)
Wands
 y - a wand of iceblast (12)
 F - a wand of random effects (15)
 G - a wand of disintegration (8)
 J - a wand of enslavement (1)
Scrolls
 a - 4 scrolls of teleportation
 f - 3 scrolls of magic mapping
 i - a scroll of immolation {unknown}
 m - 4 scrolls of remove curse
 o - a scroll of noise {unknown}
 r - a scroll of random uselessness {unknown}
 w - 5 scrolls of blinking {unknown}
 B - 3 scrolls of enchant armour {unknown}
 C - a scroll of torment {unknown}
 E - 4 scrolls of enchant weapon {unknown}
Potions
 c - a potion of heal wounds
 d - 2 potions of brilliance
 e - 2 potions of flight
 k - 2 potions of ambrosia
 n - a potion of curing
 p - 2 potions of mutation
 q - a potion of magic
 t - 4 potions of resistance {unknown}
 u - a potion of haste
 A - a potion of berserk rage {unknown}
 I - a potion of lignification {unknown}
Comestibles
 b - 13 rations
 v - 3 chunks of flesh


   Skills:
 - Level 2.0 Dodging
 - Level 10.5 Stealth
 * Level 5.5 Spellcasting
 - Level 9.0 Conjurations
 - Level 1.0 Transmutations
 - Level 2.1 Fire Magic
 - Level 2.2 Air Magic
 - Level 9.1 Poison Magic


You had 9 spell levels left.
You knew the following spells:

 Your Spells              Type           Power        Failure   Level  Hunger
a - Sting                 Tmut/Pois      ####         1%          1    None
b - Olgreb's Toxic Radia  Pois           #####...     2%          4    ####...
c - Mephitic Cloud        Conj/Pois/Air  #####...     1%          3    ##.....
d - Ignite Poison         Fire/Tmut/Pois ###.....     5%          3    ##.....

Your spell library contained the following spells:

 Spells                   Type           Power        Failure   Level  Hunger
 Magic Dart               Conj           ####         1%          1    None
 Shock                    Conj/Air       ####         1%          1    None
 Poisonous Vapours        Pois/Air       ####..       1%          2    None
 Static Discharge         Conj/Air       ####....     2%          3    ##.....
 Swiftness                Chrm/Air       ##......     10%         2    None
 Lightning Bolt           Conj/Air       ####......   26%         5    #####..
 Airstrike                Air            ###.......   36%         4    ####...


Dungeon Overview and Level Annotations

Branches:
Dungeon (12/15)            Temple (1/1) D:4            Lair (0/6) D:8
    Orc: D:9-12

Altars:
Ashenzari
Cheibriados
Dithmenos
Gozag
Hepliaklqana
Kikubaaqudgha
Nemelex Xobeh
Qazlal
Ru
Sif Muna
Uskayaw
Vehumet
Wu Jian
Xom
The Shining One

Shops:
D:5 [

Annotations:
D:4 Menkaure
D:12 Urug


Innate Abilities, Weirdness & Mutations

You cannot wear most types of armour.
You are very stealthy in the water. (Stealth+)
You are amphibious.
You can wear up to eight rings at the same time.
You can use your tentacles to constrict eight enemies at once.
Your skin changes colour to match your surroundings (Stealth+).
Your rubbery body absorbs attacks. (AC +1, EV +1)


Message History

* * * LOW HITPOINT WARNING * * *
The vampire mosquito draws strength from your injuries!
You hear a shout!
You hear a screech!
You hear an angry hiss.
You hear a shout!
You hear two shouts!
Unknown command.
Unknown command.
Casting: Mephitic Cloud (safe; 1% risk of failure)
Confirm with . or Enter, or press ? or * to list all spells.
You miscast Ignite Poison.
You are very lightly contaminated with residual magic.
Nothing appears to happen.
The vampire mosquito barely misses you. The vampire mosquito bites you.
* * * LOW HITPOINT WARNING * * *
The vampire mosquito draws strength from your injuries!
The vampire mosquito closely misses you.
The vampire mosquito bites you.
* * * LOW HITPOINT WARNING * * *
The vampire mosquito draws strength from your injuries!
The vampire mosquito bites you.
You die...

######################
#........@y...........
#.#####.§yy.#####.....
#.# #.☼☼☼.# ... #.#
##☼.§## # #.# ##.##
#.### ### #...##
#....## #.....#


You could see 3 vampire mosquitoes.

Vanquished Creatures
  An unseen horror (D:6)
  Pikel (D:5)
  Grinder (D:5)
  A hippogriff (D:12)
  Eustachio (D:5)
  Edmund (D:6)
  2 wargs (D:8)
  Duvessa (D:5)
  3 orc warriors
  2 ice beasts (D:5)
  A phantom (D:7)
  A black bear (D:4)
  7 ogres
  A sky beast (D:5)
  A crocodile (D:8)
  5 centaurs
  3 bullfrogs
  Dowan (D:5)
  2 scorpions
  4 wights (D:6)
  A crimson imp (D:7)
  2 orc wizards (D:8)
  5 orc priests
  2 hounds
  3 jellies
  Terence (D:2)
  2 iguanas
  2 worker ants
  A worker ant zombie (D:7)
  Robin (D:4)
  4 gnolls (D:3)
  5 adders
  2 worms
  5 leopard geckos
  19 orcs
  2 ball pythons
  3 giant cockroaches
  16 goblins
  3 hobgoblins
  12 jackals
  3 quokkas
  3 bats (D:3)
  2 frilled lizards
  6 kobolds
  2 quokka skeletons
  3 rats
150 creatures vanquished.

Vanquished Creatures (others)
  3 slaves (D:5)
  3 jackals (D:5)
6 creatures vanquished.

Grand Total: 156 creatures vanquished

Notes
Turn   | Place    | Note
-------+----------+-------------------------------------------
     0 | D:1      | gruber the Octopode Venom Mage began the quest for the Orb.
     0 | D:1      | Reached XP level 1. HP: 11/11 MP: 3/3
   969 | D:1      | Reached XP level 2. HP: 17/17 MP: 5/5
  1221 | D:2      | Noticed Terence
  1466 | D:2      | Killed Terence
  1466 | D:2      | Reached skill level 5 in Poison Magic
  1466 | D:2      | Reached XP level 3. HP: 18/21 MP: 0/6
  1956 | D:3      | Reached XP level 4. HP: 27/27 MP: 3/7
  2431 | D:3      | Learned a level 4 spell: Olgreb's Toxic Radiance
  2675 | D:3      | Reached XP level 5. HP: 31/31 MP: 3/9
  2689 | D:3      | Learned a level 3 spell: Mephitic Cloud
  2816 | D:4      | Noticed an ogre
  3104 | D:4      | Noticed Menkaure
  3115 | D:4      | Found a staircase to the Ecumenical Temple.
  3136 | Temple   | Entered the Ecumenical Temple
  3144 | Temple   | Became a worshipper of Vehumet
  3197 | D:4      | Noticed an ogre
  3233 | D:4      | Killed an ogre
  3233 | D:4      | Reached XP level 6. HP: 22/36 MP: 0/12
  3412 | D:4      | Learned a level 3 spell: Ignite Poison
  3427 | D:4      | Noticed Robin
  3434 | D:4      | Killed Robin
  3434 | D:4      | Reached skill level 5 in Spellcasting
  3642 | D:4      | Reached skill level 1 in Conjurations
  3642 | D:4      | Reached skill level 1 in Fire Magic
  3642 | D:4      | Reached skill level 1 in Air Magic
  3642 | D:4      | Reached XP level 7. HP: 41/41 MP: 8/14
  3819 | D:4      | Reached * piety under Vehumet
  3819 | D:4      | Offered knowledge of Sandblast by Vehumet.
  4213 | D:5      | Entered Level 5 of the Dungeon
  4213 | D:5      | Noticed Pikel
  4605 | D:5      | Reached XP level 8. HP: 31/46 MP: 5/15
  4816 | D:5      | Noticed Duvessa
  4816 | D:5      | Noticed Dowan
  4820 | D:5      | Killed Dowan
  4823 | D:5      | Killed Duvessa
  5065 | D:5      | Found Lugamuc's Antique Armour Emporium.
  5250 | D:5      | Found a radiant altar of Vehumet.
  5419 | D:5      | Noticed Eustachio
  5422 | D:5      | Killed Eustachio
  5474 | D:5      | Found a stormy altar of Qazlal.
  5474 | D:5      | Found an ancient bone altar of Kikubaaqudgha.
  5480 | D:5      | Found an ornate altar of the Wu Jian Council.
  5481 | D:5      | Found a snail-covered altar of Cheibriados.
  5483 | D:5      | Found an opulent altar of Gozag.
  5695 | D:5      | Killed Pikel
  5695 | D:5      | Reached XP level 9. HP: 45/51 MP: 9/16
  5835 | D:5      | Noticed Grinder
  5840 | D:5      | Killed Grinder
  6460 | D:6      | Killed an unseen horror
  6460 | D:6      | Offered knowledge of Magic Dart by Vehumet.
  6598 | D:6      | Reached skill level 3 in Stealth
  6598 | D:6      | Reached ** piety under Vehumet
  6599 | D:6      | Reached skill level 4 in Stealth
  6719 | D:6      | Reached skill level 5 in Stealth
  7144 | D:6      | Noticed Edmund
  7169 | D:6      | Killed Edmund
  7169 | D:6      | Reached skill level 6 in Stealth
  7657 | D:7      | Reached XP level 10. HP: 44/56 MP: 10/17
  7660 | D:7      | Reached skill level 7 in Stealth
  8084 | D:7      | Reached skill level 8 in Stealth
  8470 | D:8      | Found a sacrificial altar of Ru.
  8568 | D:8      | Found a hide-covered altar of Uskayaw.
  8731 | D:8      | Reached skill level 9 in Stealth
  9033 | D:8      | Reached skill level 10 in Stealth
  9088 | D:8      | Found a staircase to the Lair.
  9253 | D:8      | Found a sparkling altar of Nemelex Xobeh.
  9419 | D:9      | You fall into a shaft and drop 3 floors!
  9426 | D:12     | Noticed Urug
  9427 | D:12     | Noticed a cyclops
  9587 | D:12     | HP: 1/56 [vampire mosquito (3)]
  9587 | D:12     | Slain by a vampire mosquito

Illustrated notes

Levels and vault maps discovered:
D:1:      wander_arrival_chamber, layout_basic
D:2:      layout_loops_ring, old_standard_altar, first_ration, uniq_terence
D:3:      layout_basic, ebering_dispersal_statue_hall, st_stairs_4
D:4:      layout_gridville, minmay_temple_entry_ruins, uniq_menkaure, uniq_robin
D:5:      layout_basic, minitemple, basic_altar, serial_shops, shop_fountains,
          chequers_serial_rivers_large_b, uniq_grinder, uniq_duvessa,
          uniq_pikel, uniq_eustachio
D:6:      layout_layer_cave, uniq_edmund
D:7:      layout_basic, serial_corexii_hall, corexii_hall_statues_l,
          corexii_hall_statues_i
D:8:      layout_rooms, nemelex_altar_shiori, nicolae_overflow_crystal_walls,
          erik_lair_orcish_takeover, basic_altar
D:9:      layout_roguey, uniq_erolcha
D:12:     minmay_connected_boxes_in_corner, layout_basic, serial_shops,
          nicolae_shop_crystal, uniq_urug
Temple:   eino_temple_lava

Skill      XL: |  1  2  3  4  5  6  7  8  9 10 |
---------------+-------------------------------+-----
Poison Magic   | 4 5 6 7 9 |  9.1
Spellcasting   | 3 4 5 |  5.5
Conjurations   | 1 2 6 9 |  9.0
Fire Magic     | 1 2 |  2.1
Air Magic      | 1 2 |  2.2
Stealth        | 6 10 | 10.5
Dodging        | |  2.0
Transmutations | |  1.0

Action                   |  1- 3 |  4- 6 |  7- 9 | 10-12 || total
-------------------------+-------+-------+-------+-------++-------
Melee: Unarmed           |    19 |       |       |       ||    19
       Tentacles         |     7 |     8 |     6 |     2 ||    23
       Constrict         |    11 |     7 |    12 |     6 ||    36
       Short sword       |    18 |    35 |    30 |       ||    83
       Whip              |       |       |     6 |       ||     6
       Long sword        |       |       |     1 |    18 ||    19
       War axe           |       |       |       |     4 ||     4
 Cast: Sting             |    20 |    27 |     6 |       ||    53
       Olgreb's Toxic Ra |       |    10 |    27 |    11 ||    48
       Ignite Poison     |       |       |    23 |    17 ||    40
       Mephitic Cloud    |       |       |     9 |     6 ||    15
Evoke: Wand              |       |       |       |     3 ||     3
  Use: Scroll            |       |       |       |    12 ||    12
 Stab: Sleeping          |     4 |     6 |     1 |     2 ||    13
  Eat: Chunk             |     3 |     8 |    12 |     7 ||    30
       Ration            |       |       |     2 |       ||     2
Armor: Skin              |     2 |     3 |       |       ||     5
Dodge: Dodged            |    30 |    37 |    27 |    24 ||   118
       Rpst.: Long sword |       |       |     1 |     5 ||     6
